 Dungeon Crawl Stone Soup version 0.26-a0-639-g72c4674329 (webtiles) character file.

Game seed: 218881198608650730

16333 Flugslaktarn the Cleaver (level 12, -2/117 HPs)
             Began as a Deep Dwarf Fighter on Sept 28, 2020.
             Was a Priest of Makhleb.
             Splashed by a kobold demonologist's acid (11 damage)
             ... on level 12 of the Dungeon.
             The game lasted 00:04:40 (6792 turns).

Flugslaktarn the Cleaver (Deep Dwarf Fighter)       Turns: 6792, Time: 00:04:41

Health: -2/117     AC: 15    Str: 23    XL:     12   Next: 9%
Magic:  10/10      EV:  7    Int: 11    God:    Makhleb [***...]
Gold:   874        SH: 17    Dex: 12    Spells: 11/11 levels left

rFire    . . .     SeeInvis .   g - +1 war axe (distort)
rCold    . . .     Faith    .   c - +0 kite shield
rNeg     . . .     Spirit   .   t - +0 chain mail
rPois    .         Reflect  +   (no helmet)
rElec    .         Harm     .   s - +0 cloak
rCorr    .         Rampage  .   m - +0 pair of gloves
MR       +....                  v - +0 pair of boots
Stlth    ..........             j - amulet of reflection
HPRegen  0.00/turn              (no ring)
MPRegen  0.12/turn              (no ring)

@: non-regenerating
A: damage resistance, heal wounds, sense surroundings 2, no regeneration
a: Heal Wounds, Minor Destruction, Lesser Servant of Makhleb, Renounce Religion


You were on level 12 of the Dungeon.
You worshipped Makhleb.
Makhleb was most pleased with you.
You visited 2 branches of the dungeon, and saw 13 of its levels.
You also visited: Ossuary.

You collected 874 gold pieces.

Inventory:

Hand Weapons
 g - a +1 war axe of distortion (weapon)
   (You found it on level 6 of the Dungeon)
Armour
 c - a +0 kite shield (worn)
 m - a +0 pair of gloves (worn)
   (You found it on level 6 of the Dungeon)
 s - a +0 cloak (worn)
   (You found it on level 8 of the Dungeon)
 t - a +0 chain mail (worn)
   (You found it on level 7 of the Dungeon)
 v - a +0 pair of boots (worn)
   (You found it on level 5 of the Dungeon)
Jewellery
 a - an uncursed amulet of regeneration {unknown}
   (You found it on level 6 of the Dungeon)
 j - an amulet of reflection (around neck)
   (You found it on level 4 of the Dungeon)
 y - an uncursed ring of protection from fire {unknown}
   (You found it on level 10 of the Dungeon)
 E - an uncursed ring of ice {unknown}
   (You found it on level 11 of the Dungeon)
Wands
 b - a wand of iceblast (4)
   (You found it on level 8 of the Dungeon)
Scrolls
 n - 2 scrolls of teleportation {unknown}
 o - 2 scrolls of magic mapping
 r - 5 scrolls of identify
 x - 8 scrolls of remove curse
 A - a scroll of summoning {unknown}
 B - a scroll of blinking {unknown}
Potions
 d - a potion of might
 e - 2 potions of degeneration
 f - 2 potions of brilliance {unknown}
 h - 4 potions of haste
 i - 4 potions of flight
 k - 4 potions of berserk rage
 l - a potion of stabbing {unknown}
 p - a potion of resistance {unknown}
 q - 6 potions of curing
 u - 2 potions of lignification {unknown}
 w - 5 potions of heal wounds
 z - a potion of cancellation {unknown}
 D - 2 potions of ambrosia {unknown}
Miscellaneous
 C - a tin of tremorstones (inert)
   (You found it on level 11 of the Dungeon)


   Skills:
 * Level 10.4 Fighting
 * Level 12.0 Axes
 + Level 9.3 Armour
 + Level 9.2 Shields
 + Level 7.4 Invocations
 + Level 1.3 Evocations


You had 11 spell levels left.
You didn't know any spells.
Your spell library was empty.

Dungeon Overview and Level Annotations

Branches:
Dungeon (12/15)            Temple (1/1) D:7            Lair (0/6) D:11
    Orc (0/2) D:11        Ossuary (visited)

Altars:
Ashenzari
Cheibriados
Dithmenos
Elyvilon
Fedhas
Gozag
Hepliaklqana
Kikubaaqudgha
Makhleb
Nemelex Xobeh
Okawaru
Qazlal
Ru
Sif Muna
Trog
Uskayaw
Vehumet
Wu Jian
Xom
Yredelemnul
Zin
The Shining One

Shops:
D:5 }

Annotations:
Abyss:1 Dowan, Erica


Innate Abilities, Weirdness & Mutations

You are resistant to damage.
You can heal yourself by infusing magical energy.
You passively map the area around you.
You do not regenerate.


Message History

The shadow imp hits your smoke demon. The yak barely misses you.
The nine-headed hydra bites you but does no damage. x2
You block the nine-headed hydra's attack.
The nine-headed hydra bites you.
You block the nine-headed hydra's attack.
The nine-headed hydra barely misses you.
The nine-headed hydra bites you!
* * * LOW HITPOINT WARNING * * *
The nine-headed hydra bites you.
* * * LOW HITPOINT WARNING * * *
The nine-headed hydra completely misses you.
The kobold demonologist zaps a wand.
The bolt of acid hits the iron imp!
The iron imp is splashed with acid.
The acid corrodes the iron imp!
The iron imp dies!
The bolt of acid hits your smoke demon!
Your smoke demon is splashed with acid.
Your smoke demon dies!
The bolt of acid hits you.
* * * LOW HITPOINT WARNING * * *
You are splashed with acid!
You die...

*, * ## * ,
..,,, ####.#
*, #... , *
###.# ,, , ,
, #...###,,
, #.#...#* *
* , #.#.#.#
* ** #.#@#.#
, * #.D)Y.#
*, ###3<## ,
, ,
#5.########
,
##†K........
, *
#...########
, #.### ,,.
*
##.######...
,, ,
#......5.K..


You could see a nine-headed hydra, a kobold demonologist, a yak, a ynoxinul
(summoned) and a shadow imp (summoned).

Vanquished Creatures
  A hydra (D:12)
  2 death yaks (D:11)
  An unseen horror (D:10)
  Pikel (D:7)
  2 ugly things
  A cyclops (D:11)
  3 centaur skeletons (D:9)
  Maggie (D:9)
  3 trolls
  4 hippogriffs
  A wraith (D:10)
  8 yaks
  Grum (D:8)
  3 water moccasins
  A porcupine (D:11)
  Duvessa (D:7)
  An orc warrior (D:9)
  5 ice beasts
  3 phantoms
  A necrophage (D:11)
  4 ogres
  A sky beast (D:5)
  3 wolves (D:8)
  8 centaurs
  3 lemures (D:7)
  A big kobold (D:12)
  A bullfrog (D:6)
  A water moccasin skeleton (D:5)
  A scorpion (D:9)
  6 killer bees (D:7)
  10 wights
  2 howler monkeys
  2 bullfrog zombies (D:9)
  A quasit (D:9)
  2 jellies (D:10)
  A gnoll shaman (D:7)
  7 orc priests
  3 bullfrog skeletons
  A hound (D:4)
  11 orc wizards
  4 iguanas
  7 worker ants
  2 big kobold zombies (Ossuary)
  A hound zombie (D:7)
  2 hound skeletons
  8 mummies (Ossuary)
  3 worker ant zombies
  6 gnolls
  11 adders
  2 river rats (D:11)
  2 white imps
  5 ufetubi
  An adder zombie (D:5)
  2 worms (D:3)
  5 leopard geckos
  51 orcs
  2 ball pythons
  A bat (D:3)
  4 giant cockroaches
  3 goblins (D:1)
  11 jackals
  7 quokkas
  6 frilled lizards
  2 hobgoblin zombies (Ossuary)
  6 kobolds
  3 kobold zombies (Ossuary)
  A leopard gecko skeleton (D:5)
  An orc zombie (Ossuary)
  A quokka skeleton (D:4)
  2 rats
275 creatures vanquished.

Notes
Turn   | Place    | Note
-------+----------+-------------------------------------------
     0 | D:1      | Flugslaktarn the Deep Dwarf Fighter began the quest for the
                  | Orb.
     0 | D:1      | Reached XP level 1. HP: 20/20 MP: 1/1
   104 | D:1      | Reached XP level 2. HP: 22/27 MP: 2/2
   262 | D:3      | Reached XP level 3. HP: 21/34 MP: 3/3
   368 | D:3      | Reached skill level 3 in Axes
   458 | D:4      | Noticed an ogre
   484 | D:3      | Reached XP level 4. HP: 25/42 MP: 4/4
   496 | D:3      | Killed an ogre
   496 | D:3      | Reached skill level 4 in Axes
   496 | D:3      | Reached XP level 5. HP: 43/50 MP: 5/5
   701 | D:4      | Reached XP level 6. HP: 53/57 MP: 5/5
  1063 | D:5      | Entered Level 5 of the Dungeon
  1098 | D:5      | Found a sand-covered staircase.
  1125 | D:5      | Reached skill level 5 in Axes
  1141 | Ossuary  | Entered an ossuary
  1168 | Ossuary  | Reached XP level 7. HP: 41/66 MP: 5/5
  1395 | D:5      | Reached skill level 5 in Fighting
  1395 | D:5      | Reached skill level 5 in Armour
  1439 | D:5      | Found Wuobye Ciqy's Gadget Emporium.
  1493 | D:5      | Reached skill level 5 in Shields
  1512 | D:5      | Reached skill level 6 in Axes
  1563 | D:5      | Reached XP level 8. HP: 46/75 MP: 4/4
  3127 | D:7      | Noticed Pikel
  3131 | D:7      | Reached skill level 7 in Axes
  3144 | D:7      | Killed Pikel
  3144 | D:7      | Gained mutation: You passively map the area around you.
                  | [Deep Dwarf growth]
  3144 | D:7      | Reached XP level 9. HP: 45/85 MP: 4/4
  3207 | D:7      | Reached skill level 8 in Axes
  3221 | D:7      | Found a staircase to the Ecumenical Temple.
  3280 | Temple   | Entered the Ecumenical Temple
  3387 | Temple   | Became a worshipper of Makhleb the Destroyer
  3549 | D:7      | Reached skill level 1 in Invocations
  3723 | D:7      | Noticed Duvessa
  3723 | D:7      | Noticed Dowan
  3727 | D:7      | Banished Dowan
  3730 | D:7      | Killed Duvessa
  4078 | D:8      | Noticed Grum
  4091 | D:8      | Reached skill level 9 in Axes
  4099 | D:8      | Killed Grum
  4398 | D:8      | Found a blossoming altar of Fedhas.
  4401 | D:8      | Noticed Erica
  4405 | D:8      | Reached * piety under Makhleb
  4412 | D:8      | Reached XP level 10. HP: 81/96 MP: 6/6
  4413 | D:8      | Banished Erica
  4530 | D:9      | Noticed Maggie
  4562 | D:9      | Killed Maggie
  4699 | D:9      | Reached skill level 10 in Axes
  4738 | D:9      | Reached ** piety under Makhleb
  4741 | D:9      | Found a shattered altar of Ashenzari.
  5193 | D:10     | Entered Level 10 of the Dungeon
  5311 | D:10     | Killed an unseen horror
  5311 | D:10     | Reached skill level 5 in Invocations
  5618 | D:10     | Reached XP level 11. HP: 59/106 MP: 9/9
  5796 | D:10     | Noticed a two-headed ogre
  5800 | D:10     | Banished a two-headed ogre
  6060 | D:11     | Found a staircase to the Orcish Mines.
  6089 | D:11     | Noticed a purple ugly thing
  6091 | D:11     | Noticed a death yak
  6095 | D:11     | Noticed a death yak
  6097 | D:11     | Killed a purple ugly thing
  6099 | D:11     | Noticed a white ugly thing
  6102 | D:11     | Noticed a death yak
  6108 | D:11     | Reached skill level 11 in Axes
  6108 | D:11     | Banished a white ugly thing
  6115 | D:11     | Killed a death yak
  6115 | D:11     | Reached *** piety under Makhleb
  6116 | D:11     | Killed a death yak
  6124 | D:11     | Banished a death yak
  6150 | D:11     | Found a staircase to the Lair.
  6161 | D:11     | Reached skill level 10 in Fighting
  6727 | D:12     | Noticed a purple ugly thing
  6728 | D:12     | Noticed a seven-headed hydra
  6739 | D:12     | Killed a purple ugly thing
  6740 | D:12     | Killed a seven-headed hydra
  6740 | D:12     | Reached XP level 12. HP: 78/117 MP: 10/10
  6744 | D:12     | Reached skill level 12 in Axes
  6744 | D:12     | Reached skill level 1 in Evocations
  6760 | D:12     | Noticed a four-headed hydra
  6792 | D:12     | Splashed by a kobold demonologist's acid

Illustrated notes

Levels and vault maps discovered:
D:1:      lemuel_arrival_broad_hall, layout_basic,
          hangedman_abyss_or_decor_stabs, minmay_misc_feat_ornament
D:2:      minmay_razor_zed, layout_basic, uniq_crazy_yiuf_cottage
D:3:      layout_loops_corners, uniq_terence
D:4:      layout_cave_pools, abandoned_shop
D:5:      layout_layer_cave, enter_ossuary_2, serial_shops, kennysheep_mini_moat
D:6:      layout_basic
D:7:      layout_basic, minmay_temple_entry_hall,
          chequers_serial_rivers_micro_b, uniq_pikel, uniq_duvessa
D:8:      layout_rooms, fedhas_altar_1, uniq_grum, uniq_erica
D:9:      layout_loops_ring, ashenzari_altar_1, uniq_maggie
D:10:     layout_basic
D:11:     layout_long_grid, dpeg_lair_monsters, orc_0_dummy
D:12:     layout_basic, ebering_ghost_rock_garden
Temple:   kilobyte_greek_temple

Skill      XL: |  1  2  3  4  5  6  7  8  9 10 11 12 |
---------------+-------------------------------------+-----
Fighting       | 3 4 5 6 7 9 10 | 10.4
Axes           | 3 4 5 6 7 9 10 11 12 | 12.0
Armour         | 4 5 6 7 8 9 |  9.3
Shields        | 4 5 6 7 8 9 |  9.2
Invocations    | 3 5 7 |  7.4
Evocations     | 1 |  1.3

Action                   |  1- 3 |  4- 6 |  7- 9 | 10-12 || total
-------------------------+-------+-------+-------+-------++-------
Melee: War axe           |    74 |    83 |   327 |   321 ||   805
Invok: Lesser Servant of |       |       |       |     2 ||     2
 Abil: Heal Wounds       |     2 |     4 |    17 |    10 ||    33
Evoke: Tin of tremorston |       |       |       |     3 ||     3
  Use: Scroll            |       |       |    13 |       ||    13
Armor: Scale mail        |    43 |    42 |   117 |       ||   202
       Chain mail        |       |       |    21 |   164 ||   185
Dodge: Dodged            |    29 |    38 |    90 |    53 ||   210
Block: Kite shield       |    51 |    93 |   309 |   280 ||   733
       Reflection        |       |     1 |     6 |    19 ||    26

Table legend: (Time is in decaauts)
 A = Elapsed time spent in this place.
 B = Non-inter-level travel time spent in this place.
 C = Inter-level travel time spent in this place.
 D = Time resting spent in this place.
 E = Time spent auto-exploring this place.
 F = Levels seen in this place.
 G = Mean time per level.
                   A        B        C        D        E       F      G
               +--------+--------+--------+--------+--------+-----+--------+
         Total |   6940 |   6417 |    523 |      0 |   4689 |  14 |  495.7 |
       Dungeon |   6561 |   6080 |    481 |      0 |   4483 |  12 |  546.8 |
        Temple |    149 |    108 |     41 |      0 |     98 |   1 |  149.0 |
       Ossuary |    230 |    230 |      0 |      0 |    108 |   1 |  230.0 |
               +--------+--------+--------+--------+--------+-----+--------+

Top non-repeatable levels by time:
     D:5: 1041 daAuts
     D:7: 834 daAuts
    D:10: 831 daAuts
     D:6: 812 daAuts
    D:11: 702 daAuts
     D:9: 696 daAuts
     D:4: 554 daAuts
     D:8: 455 daAuts
     D:3: 295 daAuts
 Ossuary: 230 daAuts
     D:1: 177 daAuts
  Temple: 149 daAuts
     D:2: 95 daAuts
    D:12: 63 daAuts
